 Dungeon Crawl Stone Soup version 0.26-a0-708-g17f3b190f9 (webtiles) character file.

Game seed: 2614807496698109720

17 jasper the Grave Robber (level 2, 0/15 HPs)
             Began as a Kobold Necromancer on Oct 29, 2020.
             Slain by a giant cockroach (1 damage)
             ... on level 1 of the Dungeon.
             The game lasted 00:01:54 (996 turns).

jasper the Grave Robber (Kobold Necromancer)         Turns: 996, Time: 00:01:55

Health: 0/15       AC:  2    Str:  5    XL:     2   Next: 80%
Magic:  3/5        EV: 15    Int: 16    God:
Gold:   20         SH:  0    Dex: 15    Spells: 3/5 levels left

rFire    . . .     SeeInvis .   e - -2 spear (curse)
rCold    . . .     Faith    .   (shield restricted)
rNeg     . . .     Spirit   .   a - +0 robe
rPois    .         Reflect  .   (no helmet)
rElec    .         Harm     .   (no cloak)
rCorr    .         Rampage  .   (no gloves)
MR       .....                  (no boots)
Stlth    +++.......             (no amulet)
HPRegen  0.05/turn              (no ring)
MPRegen  0.09/turn              (no ring)

@: no status effects
A: small, nightstalker 3
a: no special abilities


You were on level 1 of the Dungeon.
You visited 1 branch of the dungeon, and saw 1 of its levels.

You collected 20 gold pieces.

Inventory:

Hand Weapons
 c - a +0 dagger
 e - a cursed -2 spear (weapon)
Missiles
 b - 20 stones (quivered)
Armour
 a - a +0 robe (worn)
Scrolls
 d - a scroll of teleportation {unknown}


   Skills:
 - Level 2.4 Dodging
 - Level 2.6 Stealth
 - Level 2.1 Spellcasting
 + Level 4.7 Necromancy


You had 3 spell levels left.
You knew the following spells:

 Your Spells              Type           Power        Failure   Level
a - Pain                  Necr           ###.         3%          1
b - Animate Skeleton      Necr           ###...       3%          1

Your spell library contained the following spells:

 Spells                   Type           Power        Failure   Level
 Vampiric Draining        Necr           ###.......   9%          3
 Animate Dead             Necr           ###.......   28%         4
 Agony                    Necr           ###.....     63%         5


Dungeon Overview and Level Annotations

Branches:
Dungeon (1/15)

Altars:


Innate Abilities, Weirdness & Mutations

You are small and have problems with some larger weapons.
You are completely attuned to the shadows.


Message History

Press: ? - help, Shift-Dir - straight line, f/p - giant cockroach
Aim: a giant cockroach (heavily wounded, chance to defeat MR: 87%)
The giant cockroach writhes in agony.
The giant cockroach barely misses you. The giant cockroach closely misses you.
You take 1 damage, and have 2/15 hp.
You now have 0/5 mp.
The giant cockroach closely misses you. The giant cockroach misses you.
You see here a stone.
Things that are here:
a +0 club; a hobgoblin corpse You see here a club.
The giant cockroach closely misses you.
The giant cockroach waves its antennae.
The giant cockroach closely misses you. The giant cockroach barely misses you.
The giant cockroach bites you.
* * * LOW HITPOINT WARNING * * *
You take 2 damage, and have 1/15 hp.
The giant cockroach bites you.
You die...

......#.#..#......)..######..
........#..##........### ###
.!...........).........## #..
.......######........#..###..
....†.............#..
###............#.#..
#.##.#>###.#.#.#..
#B##...#...###.#..
#@...###.....#.###
#............#.#..
#......#...#...#..
#..........#......
#........#.#..†###
.#)....#.#.### #.##.........
#####............
......##.........


You could see a giant cockroach.

Vanquished Creatures
  A dart slug (D:1)
  A giant cockroach (D:1)
  3 goblins (D:1)
  4 hobgoblins (D:1)
  A bat (D:1)
  A frilled lizard (D:1)
  A kobold (D:1)
  2 rats (D:1)
14 creatures vanquished.

Notes
Turn   | Place    | Note
-------+----------+-------------------------------------------
     0 | D:1      | jasper the Kobold Necromancer began the quest for the Orb.
     0 | D:1      | Reached XP level 1. HP: 10/10 MP: 3/3
   389 | D:1      | Reached XP level 2. HP: 14/15 MP: 1/5
   666 | D:1      | Learned a level 1 spell: Animate Skeleton
   996 | D:1      | Slain by a giant cockroach

Illustrated notes

Levels and vault maps discovered:
D:1:      grunt_arrival_crossed_arrows, layout_basic

Action                   || total
-------------------------++-------
Melee: Spear             ||    20
       Unarmed           ||     1
Throw: Stone             ||     1
 Cast: Pain              ||    31
Armor: Robe              ||    19
Dodge: Dodged            ||    48

Table legend: (Time is in decaauts)
 A = Elapsed time spent in this place.
 B = Non-inter-level travel time spent in this place.
 C = Inter-level travel time spent in this place.
 D = Time resting spent in this place.
 E = Time spent auto-exploring this place.
 F = Levels seen in this place.
 G = Mean time per level.
                   A        B        C        D        E       F      G
               +--------+--------+--------+--------+--------+-----+--------+
         Total |    997 |    997 |      0 |    545 |    194 |   1 |  997.0 |
       Dungeon |    997 |    997 |      0 |    545 |    194 |   1 |  997.0 |
               +--------+--------+--------+--------+--------+-----+--------+

Top non-repeatable levels by time:
     D:1: 997 daAuts
